Pick #1

Connor Bedard
Pick #2

Leo Carlsson
Pick #3

Adam Fantilli
Pick #4

Matvei Michkov
Pick #5

David Reinbacher
Pick #6

William Smith
Pick #7

Zachary Benson
Pick #8

Ryan Leonard
Pick #9

Gabriel Perreault
Pick #10

Axel Sandin-Pellika
Pick #11

Daniil But
Pick #12

Dalibor Dvorsky
Pick #13

Quentin Musty
Pick #14

Brayden Yager
Pick #15

Dmitry Simashev
Pick #16

Colby Barlow
Pick #17

Andrew Cristall
Pick #18

Easton Cowan
Pick #19

Jacob Fowler
Pick #20

Oliver Moore
Pick #21

Oliver Bonk
Pick #22

Tom Willander
Pick #23

Calum Ritchie
Pick #24

Tanner Molendyk
Pick #25

Gavin Brindley
Pick #26

Nate Danielson
Pick #27

Pick #28

Pick #29

Pick #30

Pick #31

Pick #32

Pick #33

Pick #34

Pick #35

Pick #36

Pick #37

Pick #38

Pick #39

Pick #40

Pick #41

Pick #42

Pick #43

Pick #44

Pick #45

Pick #46

Pick #47

Pick #48

Pick #49

Pick #50

Pick #51

Pick #52

Pick #53

Pick #54

Pick #55

Pick #56

Pick #57

Pick #58

Pick #59

Pick #60

Pick #61

Pick #62

Pick #63

Pick #64

Pick #65

Pick #66

Pick #67

Pick #68

Pick #69

Pick #70

Pick #71

Pick #72

Pick #73

Pick #74

Pick #75

Pick #76

Pick #77

Pick #78

Pick #79

Pick #80

Pick #81

Pick #82

Pick #83

Pick #84

Pick #85

Pick #86

Pick #87

Pick #88

Pick #89

Pick #90

Pick #91

Pick #92

Pick #93

Pick #94

Pick #95

Pick #96

Pick #97

Pick #98

Pick #99

Pick #100

Pick #101

Pick #102

Pick #103

Pick #104

Pick #105

Pick #106

Pick #107

Pick #108

Pick #109

Pick #110

Pick #111

Pick #112

Pick #113

Pick #114

Pick #115

Pick #116

Pick #117

Pick #118

Pick #119

Pick #120

Pick #121

Pick #122

Pick #123

Pick #124

Pick #125

Pick #126

Pick #127

Pick #128

Pick #129

Pick #130

Full Scoreboard »»

Senators vs Sabres

Created - February 6, 2024 at 16:20

Goals
1 2 3 T
Senators 0 2 0 2
Sabres 2 3 1 6
Shots
1 2 3 T
Senators 6 12 9 27
Sabres 13 10 14 37

GoalsPenalties
1st period
1. Sabres , Brian Dumoulin 8 (Blake Coleman 16, Jake Neighbours 9) at 4:35 (PP)
2. Sabres , Jonathan Drouin 12 (Brian Dumoulin 27, Arber Xhekaj 5) at 19:09 (PP)
Tomas Tatar (OTT) for Hooking (Minor) at 3:15
Erik Johnson (OTT) for Roughing (Minor) at 17:44
2nd period
3. Sabres , Blake Coleman 18 (Brian Dumoulin 28, Mason Appleton 9) at 0:20
4. Senators , Brock McGinn 9 (Anthony Cirelli 18, Matty Beniers 16) at 1:34
5. Sabres , Jesper Fast 11 (Victor Soderstrom 11) at 5:35
6. Sabres , Jesper Fast 12 (Arber Xhekaj 6) at 16:24
7. Senators , Rasmus Andersson 5 (Adam Lowry 7, Danton Heinen 2) at 19:41 (PP)
Connor Clifton (OTT) for Interference (Minor) at 2:40
Arber Xhekaj (BUF) for Roughing (Minor) at 13:23
Mason McTavish (BUF) for Hooking (Minor) at 19:27
Alexander Holtz (OTT) for Hooking (Minor) at 19:42
3rd period
8. Sabres , Kaedan Korczak 3 (Jonathan Drouin 14, Victor Soderstrom 12) at 4:00
Mason McTavish (BUF) for Hooking (Minor) at 13:26
Goalie Stats
Sam Montembeault (OTT), 12 saves from 16 shots - (0.750), L, 9-10-1, 25:35 minutes
Semyon Varlamov (OTT), 19 saves from 21 shots - (0.905), 34:25 minutes
James Reimer (BUF), 25 saves from 27 shots - (0.926), W, 6-20-3, 60:00 minutes
3 StarsOfficial
1 - Brian Dumoulin (BUF)
2 - Jesper Fast (BUF)
3 - Blake Coleman (BUF)
Referees : Mitch Dunning and Stephen Hiff
Linesman : Derek Wahl and Ryan Gibbons
Game Note
Semyon Varlamov enters game at 5:35 of 2nd period
Finance
Level 1 -- Attendance: 5582 (85.88%) -- Ticket Income $664,258
Level 2 -- Attendance: 3890 (77.80%) -- Ticket Income $385,110
Level 3 -- Attendance: 2969 (84.83%) -- Ticket Income $204,861
Level 4 -- Attendance: 2542 (82.80%) -- Ticket Income $124,558
Luxury Box -- Attendance: 936 (93.60%) -- Ticket Income $195,624
Game was played at the Buffalo Pete Center.
Total Attendance: 15919 (83.48%)
Total Ticket Income: $1,574,411
Other Income: $393,603
Total Income: $1,968,014



Team Name Goals Shots Shots Attemp Shots Blocked PIM HIT PP PK FO%
Senators 22747168311 / 3 (33%)251%
Sabres 6378036252 / 4 (50%)149%

Senators
Player Name POS G A P +/- PIM HIT SHT SB MP PP MP PP SHT PK MP PK SHT FO% FOT
Adam LowryC0110010017:132:1402:24040% 5
Alexander HoltzRW000-2220014:451:5800:0000% 0
Andrew CoppC0000001117:132:1412:24056% 25
Anthony CirelliC011-1042017:080:0004:19067% 3
Brock McGinnLW101-1011012:490:0000:0000% 0
Christian DvorakC000-2015012:480:0000:00046% 26
Connor CliftonD000-1270318:090:0002:2900% 0
Danton HeinenLW0110012114:492:1410:0000% 1
Erik JohnsonD0000210316:280:0000:5900% 0
Jake WalmanD000-1011317:412:0010:0000% 0
K'Andre MillerD0000023020:582:0023:2800% 0
Luke GlendeningC0000022015:120:0004:19052% 23
Matty BeniersC011-1013114:471:5820:00050% 18
Noah HanifinD000-2031323:212:1213:1500% 0
Pius SuterC0000001010:530:0000:000100% 1
Rasmus AnderssonD101-2022123:212:1223:1500% 0
Sam GagnerC0000012010:530:0000:0000% 0
Tomas TatarLW000-2211014:451:5800:000100% 1
Sabres
Player Name POS G A P +/- PIM HIT SHT SB MP PP MP PP SHT PK MP PK SHT FO% FOT
Arber XhekajD0221230020:063:2001:2700% 0
Blake ColemanC1121046018:333:2000:00043% 23
Brenden DillonD0001020118:180:0000:0000% 0
Brett HowdenC000000105:370:0001:57062% 13
Brian DumoulinD1232001123:043:2011:0500% 0
Corey PerryRW000000007:033:2300:0000% 0
Jake NeighboursLW0110026018:153:2000:0000% 2
Jansen HarkinsC0000011017:100:0002:15040% 30
Jesper FastRW2022007017:140:0001:5700% 0
Jonathan DrouinLW1122006018:403:2330:0000% 2
Juraj SlafkovskyLW0001020018:333:2000:00050% 4
Kaedan KorczakD1011023017:070:0001:4000% 0
Mason AppletonC0111001015:130:0000:000100% 1
Mason McTavishC0002422018:383:2300:00065% 26
Milan LucicLW000001003:400:0000:0000% 1
Philippe MyersD0000020120:543:2302:3200% 0
Victor SoderstromD0221002020:303:2311:4000% 0
Zach SanfordLW0000041017:100:0002:1500% 1



Play-by-Play

1st period


0:01 of 1st period - Mason McTavish wins face-off versus Christian Dvorak in neutral zone.
0:08 of 1st period - Shot by Jesper Fast.
0:08 of 1st period - Stopped by Sam Montembeault without a rebound.
0:09 of 1st period - Andrew Copp wins face-off versus Juraj Slafkovsky in Senators zone.
0:31 of 1st period - Erik Johnson is hit by Blake Coleman and loses puck.
0:41 of 1st period - Shot by Mason Appleton.
0:41 of 1st period - Deflect By Blake Coleman.
0:41 of 1st period - Stopped by Sam Montembeault without a rebound.
0:42 of 1st period - Matty Beniers wins face-off versus Jansen Harkins in Senators zone.
0:56 of 1st period - Shot by Anthony Cirelli.
0:56 of 1st period - Stopped by James Reimer without a rebound.
0:57 of 1st period - Luke Glendening wins face-off versus Mason McTavish in Sabres zone.
1:13 of 1st period - Off-side.
1:14 of 1st period - Brett Howden wins face-off versus Christian Dvorak in neutral zone.
1:31 of 1st period - Alexander Holtz is hit by Kaedan Korczak and loses puck.
1:36 of 1st period - Shot by Christian Dvorak.
1:36 of 1st period - Stopped by James Reimer without a rebound.
1:37 of 1st period - Jansen Harkins wins face-off versus Matty Beniers in Sabres zone.
1:37 of 1st period - Zach Sanford is hit by Anthony Cirelli and loses puck.
2:02 of 1st period - Off-side.
2:03 of 1st period - Luke Glendening wins face-off versus Mason McTavish in neutral zone.
2:10 of 1st period - Shot by Sam Gagner.
2:10 of 1st period - Shot Hit the Post.
2:38 of 1st period - Shot by Luke Glendening.
2:38 of 1st period - Stopped by James Reimer without a rebound.
2:39 of 1st period - Blake Coleman wins face-off versus Christian Dvorak in Sabres zone.
3:15 of 1st period - Minor Penalty to Tomas Tatar for Hooking.
3:16 of 1st period - Luke Glendening wins face-off versus Mason McTavish in Senators zone.
3:24 of 1st period - Icing by Mason McTavish.
3:25 of 1st period - Mason McTavish wins face-off versus Luke Glendening in Sabres zone.
3:39 of 1st period - Icing by Philippe Myers.
3:40 of 1st period - Mason McTavish wins face-off versus Luke Glendening in Sabres zone.
4:03 of 1st period - Shot by Jonathan Drouin.
4:03 of 1st period - Stopped by Sam Montembeault without a rebound.
4:04 of 1st period - Blake Coleman wins face-off versus Adam Lowry in Senators zone.
4:33 of 1st period - Shot by Blake Coleman.
4:33 of 1st period - Shot Misses the Net.
4:35 of 1st period - Shot by Brian Dumoulin.
4:35 of 1st period - Goal by Brian Dumoulin - Senators : 0 - Sabres : 1.
4:36 of 1st period - Mason McTavish wins face-off versus Christian Dvorak in neutral zone.
5:05 of 1st period - Jesper Fast is hit by Alexander Holtz and loses puck.
5:12 of 1st period - Shot by Christian Dvorak.
5:12 of 1st period - Stopped by James Reimer without a rebound.
5:13 of 1st period - Andrew Copp wins face-off versus Jansen Harkins in Sabres zone.
5:17 of 1st period - Icing by Arber Xhekaj.
5:18 of 1st period - Jansen Harkins wins face-off versus Andrew Copp in Sabres zone.
5:36 of 1st period - Off-side.
5:37 of 1st period - Anthony Cirelli wins face-off versus Blake Coleman in neutral zone.
5:37 of 1st period - Anthony Cirelli is hit by Blake Coleman.
6:08 of 1st period - Philippe Myers is hit by Anthony Cirelli and loses puck.
7:21 of 1st period - Shot by Jansen Harkins.
7:21 of 1st period - Deflect By Jake Neighbours.
7:21 of 1st period - Shot Blocked by Noah Hanifin.
7:23 of 1st period - Shot by Zach Sanford.
7:23 of 1st period - Deflect By Jake Neighbours.
7:23 of 1st period - Stopped by Sam Montembeault without a rebound.
7:24 of 1st period - Mason McTavish wins face-off versus Luke Glendening in Senators zone.
7:30 of 1st period - Shot by Jesper Fast.
7:30 of 1st period - Shot Misses the Net.
7:34 of 1st period - Shot by Jonathan Drouin.
7:34 of 1st period - Stopped by Sam Montembeault with a rebound.
8:19 of 1st period - Shot by Kaedan Korczak.
8:19 of 1st period - Stopped by Sam Montembeault without a rebound.
8:20 of 1st period - Jansen Harkins wins face-off versus Danton Heinen in Senators zone.
8:29 of 1st period - Zach Sanford is hit by Adam Lowry and loses puck.
8:43 of 1st period - Icing by Rasmus Andersson.
8:44 of 1st period - Andrew Copp wins face-off versus Brett Howden in Senators zone.
8:44 of 1st period - Andrew Copp is hit by Milan Lucic.
9:03 of 1st period - Shot by Andrew Copp.
9:03 of 1st period - Deflect By Danton Heinen.
9:03 of 1st period - Shot Misses the Net.
9:05 of 1st period - Shot by Rasmus Andersson.
9:05 of 1st period - Deflect By Andrew Copp.
9:05 of 1st period - Shot Misses the Net.
9:12 of 1st period - Icing by Brett Howden.
9:13 of 1st period - Christian Dvorak wins face-off versus Milan Lucic in Sabres zone.
9:26 of 1st period - Shot by Tomas Tatar.
9:26 of 1st period - Stopped by James Reimer without a rebound.
9:27 of 1st period - Jansen Harkins wins face-off versus Matty Beniers in Sabres zone.
9:35 of 1st period - Zach Sanford is hit by Erik Johnson and loses puck.
9:50 of 1st period - Shot by Anthony Cirelli.
9:50 of 1st period - Shot Blocked by Brian Dumoulin.
10:21 of 1st period - Icing by Zach Sanford.
10:22 of 1st period - Christian Dvorak wins face-off versus Jansen Harkins in Sabres zone.
10:36 of 1st period - Connor Clifton is hit by Blake Coleman.
11:14 of 1st period - Shot by Victor Soderstrom.
11:14 of 1st period - Stopped by Sam Montembeault with a rebound.
11:35 of 1st period - Jesper Fast is hit by Noah Hanifin and loses puck.
11:48 of 1st period - Shot by Mason McTavish.
11:48 of 1st period - Deflect By Jesper Fast.
11:48 of 1st period - Stopped by Sam Montembeault with a rebound.
11:50 of 1st period - Shot by Jesper Fast.
11:50 of 1st period - Stopped by Sam Montembeault without a rebound.
11:51 of 1st period - Andrew Copp wins face-off versus Brett Howden in Senators zone.
12:15 of 1st period - Shot by Brett Howden.
12:15 of 1st period - Shot Misses the Net.
12:17 of 1st period - Shot by Corey Perry.
12:17 of 1st period - Shot Misses the Net.
12:29 of 1st period - Shot by Brett Howden.
12:29 of 1st period - Shot Hit the Post.
13:22 of 1st period - Shot by Jonathan Drouin.
13:22 of 1st period - Shot Misses the Net.
14:14 of 1st period - Mason Appleton is hit by Luke Glendening and loses puck.
14:25 of 1st period - Shot by Luke Glendening.
14:25 of 1st period - Stopped by James Reimer without a rebound.
14:26 of 1st period - Jansen Harkins wins face-off versus Christian Dvorak in Sabres zone.
14:33 of 1st period - Zach Sanford is hit by Christian Dvorak and loses puck.
15:14 of 1st period - Icing by Erik Johnson.
15:15 of 1st period - Christian Dvorak wins face-off versus Mason McTavish in Senators zone.
15:37 of 1st period - Shot by Mason McTavish.
15:37 of 1st period - Shot Blocked by Rasmus Andersson.
15:40 of 1st period - Icing by Noah Hanifin.
15:41 of 1st period - Luke Glendening wins face-off versus Blake Coleman in Senators zone.
16:18 of 1st period - Icing by Noah Hanifin.
16:19 of 1st period - Luke Glendening wins face-off versus Jansen Harkins in Senators zone.
16:40 of 1st period - Shot by Jake Neighbours.
16:40 of 1st period - Stopped by Sam Montembeault without a rebound.
16:41 of 1st period - Andrew Copp wins face-off versus Mason McTavish in Senators zone.
16:41 of 1st period - Connor Clifton is hit by Mason McTavish and loses puck.
17:07 of 1st period - Shot by Mason McTavish.
17:07 of 1st period - Shot Misses the Net.
17:21 of 1st period - Icing by Andrew Copp.
17:22 of 1st period - Andrew Copp wins face-off versus Jansen Harkins in Senators zone.
17:22 of 1st period - Andrew Copp is hit by Zach Sanford.
17:25 of 1st period - Adam Lowry is hit by Jake Neighbours and loses puck.
17:33 of 1st period - Andrew Copp is hit by Kaedan Korczak.
17:44 of 1st period - Minor Penalty to Erik Johnson for Roughing.
17:45 of 1st period - Luke Glendening wins face-off versus Blake Coleman in Senators zone.
17:45 of 1st period - Luke Glendening is hit by Blake Coleman.
18:21 of 1st period - Shot by Victor Soderstrom.
18:21 of 1st period - Stopped by Sam Montembeault with a rebound.
18:34 of 1st period - Jonathan Drouin is hit by Connor Clifton and loses puck.
19:09 of 1st period - Shot by Jonathan Drouin.
19:09 of 1st period - Goal by Jonathan Drouin - Senators : 0 - Sabres : 2.
19:10 of 1st period - Christian Dvorak wins face-off versus Blake Coleman in neutral zone.
19:16 of 1st period - Off-side.
19:17 of 1st period - Christian Dvorak wins face-off versus Jansen Harkins in neutral zone.
19:17 of 1st period - Noah Hanifin is hit by Zach Sanford and loses puck.
19:32 of 1st period - Shot by Tomas Tatar.
19:32 of 1st period - Shot Blocked by Brenden Dillon.
19:55 of 1st period - Icing by Rasmus Andersson.
19:56 of 1st period - Blake Coleman wins face-off versus Christian Dvorak in Senators zone.
19:59 of 1st period - Shot by Juraj Slafkovsky.
19:59 of 1st period - Shot Misses the Net.
Goals for this period are 0 for Senators vs 2 for Sabres.
Shots for this period are 6 for Senators vs 13 for Sabres.

2nd period


0:01 of 2nd period - Blake Coleman wins face-off versus Matty Beniers in neutral zone.
0:01 of 2nd period - Brenden Dillon is hit by Anthony Cirelli and loses puck.
0:08 of 2nd period - Shot by Mason Appleton.
0:08 of 2nd period - Shot Blocked by Connor Clifton.
0:10 of 2nd period - Shot by Blake Coleman.
0:10 of 2nd period - Shot Hit the Post.
0:12 of 2nd period - Shot by Blake Coleman.
0:12 of 2nd period - Shot Misses the Net.
0:20 of 2nd period - Shot by Blake Coleman.
0:20 of 2nd period - Goal by Blake Coleman - Senators : 0 - Sabres : 3.
0:21 of 2nd period - Mason McTavish wins face-off versus Andrew Copp in neutral zone.
1:32 of 2nd period - Shot by Anthony Cirelli.
1:32 of 2nd period - Shot Misses the Net.
1:34 of 2nd period - Shot by Brock McGinn.
1:34 of 2nd period - Goal by Brock McGinn - Senators : 1 - Sabres : 3.
1:35 of 2nd period - Juraj Slafkovsky wins face-off versus Luke Glendening in neutral zone.
1:50 of 2nd period - Shot by Blake Coleman.
1:50 of 2nd period - Shot Misses the Net.
1:57 of 2nd period - Blake Coleman is hit by Noah Hanifin and loses puck.
2:09 of 2nd period - Icing by Noah Hanifin.
2:10 of 2nd period - Pius Suter wins face-off versus Jansen Harkins in Senators zone.
2:20 of 2nd period - Noah Hanifin is hit by Brenden Dillon and loses puck.
2:24 of 2nd period - Icing by Brenden Dillon.
2:25 of 2nd period - Matty Beniers wins face-off versus Jansen Harkins in Sabres zone.
2:40 of 2nd period - Shot by Jake Neighbours.
2:40 of 2nd period - Stopped by Sam Montembeault without a rebound.
2:40 of 2nd period - Minor Penalty to Connor Clifton for Interference.
2:41 of 2nd period - Andrew Copp wins face-off versus Jonathan Drouin in Senators zone.
3:19 of 2nd period - Icing by Jonathan Drouin.
3:20 of 2nd period - Luke Glendening wins face-off versus Mason McTavish in Sabres zone.
4:18 of 2nd period - Shot by Jake Neighbours.
4:18 of 2nd period - Shot Blocked by Noah Hanifin.
4:20 of 2nd period - Shot by Juraj Slafkovsky.
4:20 of 2nd period - Shot Misses the Net.
4:27 of 2nd period - Icing by Blake Coleman.
4:28 of 2nd period - Luke Glendening wins face-off versus Blake Coleman in Sabres zone.
4:45 of 2nd period - Shot by Brett Howden.
4:45 of 2nd period - Deflect By Milan Lucic.
4:45 of 2nd period - Shot Misses the Net.
4:55 of 2nd period - Shot by Tomas Tatar.
4:55 of 2nd period - Shot Misses the Net.
5:35 of 2nd period - Shot by Jesper Fast.
5:35 of 2nd period - Goal by Jesper Fast - Senators : 1 - Sabres : 4.
5:35 of 2nd period - Semyon Varlamov enters game.
5:36 of 2nd period - Mason McTavish wins face-off versus Anthony Cirelli in neutral zone.
5:49 of 2nd period - Shot by Jesper Fast.
5:49 of 2nd period - Stopped by Semyon Varlamov with a rebound.
6:06 of 2nd period - Icing by Brock McGinn.
6:07 of 2nd period - Matty Beniers wins face-off versus Blake Coleman in Senators zone.
6:19 of 2nd period - Shot by Anthony Cirelli.
6:19 of 2nd period - Stopped by James Reimer without a rebound.
6:20 of 2nd period - Andrew Copp wins face-off versus Jansen Harkins in Sabres zone.
6:24 of 2nd period - Icing by Arber Xhekaj.
6:25 of 2nd period - Jansen Harkins wins face-off versus Andrew Copp in Sabres zone.
6:27 of 2nd period - Icing by Brian Dumoulin.
6:28 of 2nd period - Jansen Harkins wins face-off versus Andrew Copp in Sabres zone.
6:41 of 2nd period - Shot by Jake Neighbours.
6:41 of 2nd period - Stopped by Semyon Varlamov with a rebound.
6:57 of 2nd period - Rasmus Andersson is hit by Arber Xhekaj and loses puck.
8:49 of 2nd period - Off-side.
8:50 of 2nd period - Jansen Harkins wins face-off versus Luke Glendening in neutral zone.
8:58 of 2nd period - Shot by Sam Gagner.
8:58 of 2nd period - Deflect By Pius Suter.
8:58 of 2nd period - Shot Misses the Net.
9:00 of 2nd period - Shot by Luke Glendening.
9:00 of 2nd period - Shot Misses the Net.
9:02 of 2nd period - Shot by Luke Glendening.
9:02 of 2nd period - Shot Misses the Net.
9:04 of 2nd period - Shot by Pius Suter.
9:04 of 2nd period - Stopped by James Reimer without a rebound.
9:05 of 2nd period - Christian Dvorak wins face-off versus Brett Howden in Sabres zone.
9:14 of 2nd period - Shot by Brett Howden.
9:14 of 2nd period - Stopped by Semyon Varlamov without a rebound.
9:15 of 2nd period - Luke Glendening wins face-off versus Blake Coleman in Senators zone.
9:43 of 2nd period - Icing by Arber Xhekaj.
9:44 of 2nd period - Christian Dvorak wins face-off versus Blake Coleman in Sabres zone.
10:48 of 2nd period - Shot by Zach Sanford.
10:48 of 2nd period - Deflect By Jake Neighbours.
10:48 of 2nd period - Shot Blocked by Matty Beniers.
11:30 of 2nd period - Shot by Jonathan Drouin.
11:30 of 2nd period - Stopped by Semyon Varlamov without a rebound.
11:31 of 2nd period - Brett Howden wins face-off versus Luke Glendening in Senators zone.
11:45 of 2nd period - Icing by Brian Dumoulin.
11:46 of 2nd period - Brett Howden wins face-off versus Andrew Copp in Sabres zone.
11:50 of 2nd period - Icing by Corey Perry.
11:51 of 2nd period - Brett Howden wins face-off versus Christian Dvorak in Sabres zone.
12:00 of 2nd period - Shot by Christian Dvorak.
12:00 of 2nd period - Stopped by James Reimer without a rebound.
12:01 of 2nd period - Andrew Copp wins face-off versus Blake Coleman in Sabres zone.
12:24 of 2nd period - Shot by Andrew Copp.
12:24 of 2nd period - Shot Misses the Net.
12:26 of 2nd period - Shot by Andrew Copp.
12:26 of 2nd period - Shot Misses the Net.
12:28 of 2nd period - Shot by Andrew Copp.
12:28 of 2nd period - Deflect By Danton Heinen.
12:28 of 2nd period - Stopped by James Reimer without a rebound.
12:29 of 2nd period - Luke Glendening wins face-off versus Jansen Harkins in Sabres zone.
12:59 of 2nd period - Erik Johnson is hit by Zach Sanford and loses puck.
13:11 of 2nd period - Jake Neighbours is hit by K'Andre Miller and loses puck.
13:23 of 2nd period - Minor Penalty to Arber Xhekaj for Roughing.
13:24 of 2nd period - Matty Beniers wins face-off versus Brett Howden in Sabres zone.
13:33 of 2nd period - Shot by Matty Beniers.
13:33 of 2nd period - Stopped by James Reimer without a rebound.
13:34 of 2nd period - Brett Howden wins face-off versus Matty Beniers in Sabres zone.
13:55 of 2nd period - Shot by Matty Beniers.
13:55 of 2nd period - Stopped by James Reimer with a rebound.
14:15 of 2nd period - Shot by Rasmus Andersson.
14:15 of 2nd period - Shot Hit the Post.
14:17 of 2nd period - Shot by Noah Hanifin.
14:17 of 2nd period - Stopped by James Reimer without a rebound.
14:18 of 2nd period - Adam Lowry wins face-off versus Jansen Harkins in Sabres zone.
14:45 of 2nd period - Shot by Andrew Copp.
14:45 of 2nd period - Stopped by James Reimer with a rebound.
14:47 of 2nd period - Shot by Jake Walman.
14:47 of 2nd period - Shot Blocked by Philippe Myers.
14:49 of 2nd period - Shot by K'Andre Miller.
14:49 of 2nd period - Shot Misses the Net.
14:51 of 2nd period - Shot by K'Andre Miller.
14:51 of 2nd period - Shot Misses the Net.
15:13 of 2nd period - Brian Dumoulin is hit by Matty Beniers and loses puck.
15:44 of 2nd period - Shot by Pius Suter.
15:44 of 2nd period - Deflect By Sam Gagner.
15:44 of 2nd period - Stopped by James Reimer with a rebound.
16:06 of 2nd period - Icing by Victor Soderstrom.
16:07 of 2nd period - Blake Coleman wins face-off versus Matty Beniers in Sabres zone.
16:07 of 2nd period - Mason Appleton is hit by Brock McGinn and loses puck.
16:24 of 2nd period - Shot by Jesper Fast.
16:24 of 2nd period - Goal by Jesper Fast - Senators : 1 - Sabres : 5.
16:25 of 2nd period - Mason McTavish wins face-off versus Christian Dvorak in neutral zone.
16:59 of 2nd period - Shot by Mason McTavish.
16:59 of 2nd period - Shot Misses the Net.
17:22 of 2nd period - Zach Sanford is hit by Connor Clifton and loses puck.
17:27 of 2nd period - Shot by Zach Sanford.
17:27 of 2nd period - Stopped by Semyon Varlamov without a rebound.
17:28 of 2nd period - Blake Coleman wins face-off versus Adam Lowry in Senators zone.
17:34 of 2nd period - Blake Coleman is hit by Noah Hanifin and loses puck.
17:43 of 2nd period - Shot by Blake Coleman.
17:43 of 2nd period - Stopped by Semyon Varlamov with a rebound.
17:46 of 2nd period - Icing by Noah Hanifin.
17:47 of 2nd period - Andrew Copp wins face-off versus Jansen Harkins in Senators zone.
18:08 of 2nd period - Shot by Adam Lowry.
18:08 of 2nd period - Shot Hit the Post.
18:23 of 2nd period - Off-side.
18:24 of 2nd period - Mason McTavish wins face-off versus Matty Beniers in neutral zone.
18:37 of 2nd period - Shot by Jonathan Drouin.
18:37 of 2nd period - Shot Blocked by Erik Johnson.
19:27 of 2nd period - Minor Penalty to Mason McTavish for Hooking.
19:28 of 2nd period - Andrew Copp wins face-off versus Jansen Harkins in Sabres zone.
19:35 of 2nd period - Shot by Rasmus Andersson.
19:35 of 2nd period - Stopped by James Reimer with a rebound.
19:37 of 2nd period - Shot by Rasmus Andersson.
19:37 of 2nd period - Shot Misses the Net.
19:41 of 2nd period - Shot by Rasmus Andersson.
19:41 of 2nd period - Goal by Rasmus Andersson - Senators : 2 - Sabres : 5.
19:42 of 2nd period - Blake Coleman wins face-off versus Christian Dvorak in neutral zone.
19:42 of 2nd period - Minor Penalty to Alexander Holtz for Hooking.
19:43 of 2nd period - Luke Glendening wins face-off versus Jake Neighbours in Senators zone.
19:59 of 2nd period - Jake Neighbours is hit by K'Andre Miller and loses puck.
Goals for this period are 2 for Senators vs 3 for Sabres.
Shots for this period are 12 for Senators vs 10 for Sabres.

3rd period


0:01 of 3rd period - Mason McTavish wins face-off versus Luke Glendening in neutral zone.
0:10 of 3rd period - Shot by Philippe Myers.
0:10 of 3rd period - Shot Misses the Net.
0:12 of 3rd period - Shot by Jonathan Drouin.
0:12 of 3rd period - Stopped by Semyon Varlamov without a rebound.
0:13 of 3rd period - Anthony Cirelli wins face-off versus Blake Coleman in Senators zone.
0:55 of 3rd period - Shot by Arber Xhekaj.
0:55 of 3rd period - Shot Misses the Net.
0:57 of 3rd period - Shot by Brian Dumoulin.
0:57 of 3rd period - Shot Misses the Net.
1:16 of 3rd period - Shot by Philippe Myers.
1:16 of 3rd period - Shot Misses the Net.
1:23 of 3rd period - Icing by Jonathan Drouin.
1:24 of 3rd period - Mason McTavish wins face-off versus Adam Lowry in Sabres zone.
1:46 of 3rd period - Icing by Rasmus Andersson.
1:47 of 3rd period - Tomas Tatar wins face-off versus Jansen Harkins in Senators zone.
1:56 of 3rd period - Shot by Tomas Tatar.
1:56 of 3rd period - Deflect By Christian Dvorak.
1:56 of 3rd period - Stopped by James Reimer without a rebound.
1:57 of 3rd period - Matty Beniers wins face-off versus Blake Coleman in Sabres zone.
2:06 of 3rd period - Shot by Matty Beniers.
2:06 of 3rd period - Shot Misses the Net.
2:08 of 3rd period - Shot by Matty Beniers.
2:08 of 3rd period - Stopped by James Reimer with a rebound.
2:21 of 3rd period - Noah Hanifin is hit by Brenden Dillon and loses puck.
2:39 of 3rd period - Icing by Brenden Dillon.
2:40 of 3rd period - Blake Coleman wins face-off versus Andrew Copp in Sabres zone.
2:42 of 3rd period - Mason Appleton is hit by Danton Heinen and loses puck.
3:05 of 3rd period - Shot by Zach Sanford.
3:05 of 3rd period - Shot Blocked by Andrew Copp.
3:07 of 3rd period - Shot by Zach Sanford.
3:07 of 3rd period - Shot Blocked by Jake Walman.
3:28 of 3rd period - Andrew Copp is hit by Arber Xhekaj and loses puck.
3:34 of 3rd period - Off-side.
3:35 of 3rd period - Mason McTavish wins face-off versus Christian Dvorak in neutral zone.
3:54 of 3rd period - Shot by Mason McTavish.
3:54 of 3rd period - Stopped by Semyon Varlamov with a rebound.
3:58 of 3rd period - Shot by Jonathan Drouin.
3:58 of 3rd period - Shot Misses the Net.
4:00 of 3rd period - Shot by Kaedan Korczak.
4:00 of 3rd period - Goal by Kaedan Korczak - Senators : 2 - Sabres : 6.
4:01 of 3rd period - Juraj Slafkovsky wins face-off versus Luke Glendening in neutral zone.
4:38 of 3rd period - Pius Suter is hit by Juraj Slafkovsky and loses puck.
5:03 of 3rd period - Shot by Jesper Fast.
5:03 of 3rd period - Stopped by Semyon Varlamov without a rebound.
5:04 of 3rd period - Jansen Harkins wins face-off versus Christian Dvorak in Senators zone.
5:08 of 3rd period - Zach Sanford is hit by Connor Clifton and loses puck.
5:11 of 3rd period - Shot by Zach Sanford.
5:11 of 3rd period - Shot Misses the Net.
5:13 of 3rd period - Shot by Zach Sanford.
5:13 of 3rd period - Deflect By Jake Neighbours.
5:13 of 3rd period - Shot Misses the Net.
5:17 of 3rd period - Shot by Kaedan Korczak.
5:17 of 3rd period - Stopped by Semyon Varlamov without a rebound.
5:18 of 3rd period - Mason McTavish wins face-off versus Matty Beniers in Senators zone.
5:40 of 3rd period - Icing by Brian Dumoulin.
5:41 of 3rd period - Andrew Copp wins face-off versus Mason McTavish in Sabres zone.
6:01 of 3rd period - Jonathan Drouin is hit by Jake Walman and loses puck.
6:07 of 3rd period - Jesper Fast is hit by Connor Clifton and loses puck.
6:23 of 3rd period - Andrew Copp is hit by Philippe Myers and loses puck.
6:27 of 3rd period - Icing by Philippe Myers.
6:28 of 3rd period - Christian Dvorak wins face-off versus Jansen Harkins in Sabres zone.
6:28 of 3rd period - Tomas Tatar is hit by Philippe Myers and loses puck.
6:34 of 3rd period - Icing by Zach Sanford.
6:35 of 3rd period - Jansen Harkins wins face-off versus Christian Dvorak in Sabres zone.
7:57 of 3rd period - Shot by Blake Coleman.
7:57 of 3rd period - Shot Misses the Net.
8:03 of 3rd period - Shot by Blake Coleman.
8:03 of 3rd period - Shot Misses the Net.
8:59 of 3rd period - Shot by Jesper Fast.
8:59 of 3rd period - Deflect By Jonathan Drouin.
8:59 of 3rd period - Shot Blocked by Erik Johnson.
9:09 of 3rd period - Icing by Jonathan Drouin.
9:10 of 3rd period - Mason McTavish wins face-off versus Luke Glendening in Sabres zone.
9:10 of 3rd period - Jesper Fast is hit by Luke Glendening and loses puck.
9:19 of 3rd period - Jonathan Drouin is hit by Sam Gagner and loses puck.
9:30 of 3rd period - Shot by Sam Gagner.
9:30 of 3rd period - Stopped by James Reimer without a rebound.
9:31 of 3rd period - Christian Dvorak wins face-off versus Blake Coleman in Sabres zone.
9:48 of 3rd period - Shot by Juraj Slafkovsky.
9:48 of 3rd period - Shot Misses the Net.
9:50 of 3rd period - Shot by Blake Coleman.
9:50 of 3rd period - Shot Blocked by Jake Walman.
9:52 of 3rd period - Shot by Blake Coleman.
9:52 of 3rd period - Stopped by Semyon Varlamov without a rebound.
9:53 of 3rd period - Matty Beniers wins face-off versus Jansen Harkins in Senators zone.
11:02 of 3rd period - Blake Coleman is hit by Rasmus Andersson and loses puck.
11:21 of 3rd period - Shot by Mason Appleton.
11:21 of 3rd period - Stopped by Semyon Varlamov without a rebound.
11:22 of 3rd period - Mason McTavish wins face-off versus Andrew Copp in Senators zone.
11:31 of 3rd period - Shot by Jesper Fast.
11:31 of 3rd period - Shot Blocked by Danton Heinen.
11:38 of 3rd period - Icing by Andrew Copp.
11:39 of 3rd period - Andrew Copp wins face-off versus Jansen Harkins in Senators zone.
11:39 of 3rd period - Andrew Copp is hit by Jake Neighbours.
12:15 of 3rd period - Shot by Jansen Harkins.
12:15 of 3rd period - Stopped by Semyon Varlamov without a rebound.
12:16 of 3rd period - Christian Dvorak wins face-off versus Blake Coleman in Senators zone.
12:16 of 3rd period - Christian Dvorak is hit by Juraj Slafkovsky.
12:19 of 3rd period - Icing by Rasmus Andersson.
12:20 of 3rd period - Blake Coleman wins face-off versus Christian Dvorak in Senators zone.
12:29 of 3rd period - Shot by Blake Coleman.
12:29 of 3rd period - Stopped by Semyon Varlamov with a rebound.
13:26 of 3rd period - Minor Penalty to Mason McTavish for Hooking.
13:27 of 3rd period - Jansen Harkins wins face-off versus Andrew Copp in Sabres zone.
13:55 of 3rd period - Shot by K'Andre Miller.
13:55 of 3rd period - Stopped by James Reimer with a rebound.
13:57 of 3rd period - Shot by Jake Walman.
13:57 of 3rd period - Stopped by James Reimer without a rebound.
13:58 of 3rd period - Brett Howden wins face-off versus Andrew Copp in Sabres zone.
14:10 of 3rd period - Icing by Adam Lowry.
14:11 of 3rd period - Adam Lowry wins face-off versus Brett Howden in Senators zone.
14:16 of 3rd period - Shot by K'Andre Miller.
14:16 of 3rd period - Stopped by James Reimer without a rebound.
14:17 of 3rd period - Brett Howden wins face-off versus Matty Beniers in Sabres zone.
14:17 of 3rd period - Brett Howden is hit by Tomas Tatar.
14:27 of 3rd period - Noah Hanifin is hit by Zach Sanford and loses puck.
14:35 of 3rd period - Off-side.
14:36 of 3rd period - Brett Howden wins face-off versus Andrew Copp in neutral zone.
14:55 of 3rd period - Shot by Andrew Copp.
14:55 of 3rd period - Shot Misses the Net.
14:57 of 3rd period - Shot by Danton Heinen.
14:57 of 3rd period - Stopped by James Reimer without a rebound.
14:58 of 3rd period - Matty Beniers wins face-off versus Jansen Harkins in Sabres zone.
15:10 of 3rd period - Matty Beniers is hit by Arber Xhekaj.
15:29 of 3rd period - Shot by K'Andre Miller.
15:29 of 3rd period - Stopped by James Reimer without a rebound.
15:30 of 3rd period - Mason Appleton wins face-off versus Luke Glendening in Sabres zone.
15:37 of 3rd period - Shot by Blake Coleman.
15:37 of 3rd period - Shot Blocked by Erik Johnson.
15:39 of 3rd period - Shot by Brian Dumoulin.
15:39 of 3rd period - Shot Misses the Net.
15:41 of 3rd period - Shot by Blake Coleman.
15:41 of 3rd period - Stopped by Semyon Varlamov without a rebound.
15:42 of 3rd period - Andrew Copp wins face-off versus Jake Neighbours in Senators zone.
15:54 of 3rd period - Jake Neighbours is hit by Connor Clifton and loses puck.
16:02 of 3rd period - Jake Neighbours is hit by Connor Clifton and loses puck.
16:09 of 3rd period - Shot by Zach Sanford.
16:09 of 3rd period - Shot Blocked by Jake Walman.
16:11 of 3rd period - Shot by Zach Sanford.
16:11 of 3rd period - Shot Blocked by Connor Clifton.
16:16 of 3rd period - Jansen Harkins is hit by Connor Clifton and loses puck.
16:25 of 3rd period - Shot by Jake Neighbours.
16:25 of 3rd period - Stopped by Semyon Varlamov without a rebound.
16:26 of 3rd period - Matty Beniers wins face-off versus Mason McTavish in Senators zone.
16:57 of 3rd period - Shot by Jonathan Drouin.
16:57 of 3rd period - Shot Misses the Net.
16:59 of 3rd period - Shot by Mason McTavish.
16:59 of 3rd period - Stopped by Semyon Varlamov without a rebound.
17:00 of 3rd period - Luke Glendening wins face-off versus Juraj Slafkovsky in Senators zone.
17:15 of 3rd period - Shot by Mason Appleton.
17:15 of 3rd period - Shot Blocked by Noah Hanifin.
18:06 of 3rd period - Jansen Harkins is hit by Rasmus Andersson and loses puck.
18:12 of 3rd period - Icing by Rasmus Andersson.
18:13 of 3rd period - Mason McTavish wins face-off versus Luke Glendening in Senators zone.
18:14 of 3rd period - Shot by Jonathan Drouin.
18:14 of 3rd period - Stopped by Semyon Varlamov without a rebound.
18:15 of 3rd period - Mason McTavish wins face-off versus Matty Beniers in Senators zone.
18:45 of 3rd period - K'Andre Miller is hit by Mason McTavish and loses puck.
18:49 of 3rd period - Off-side.
18:50 of 3rd period - Christian Dvorak wins face-off versus Zach Sanford in neutral zone.
18:50 of 3rd period - Christian Dvorak is hit by Jansen Harkins.
18:54 of 3rd period - Brian Dumoulin is hit by Alexander Holtz and loses puck.
18:59 of 3rd period - Shot by Christian Dvorak.
18:59 of 3rd period - Stopped by James Reimer without a rebound.
19:00 of 3rd period - Blake Coleman wins face-off versus Andrew Copp in Sabres zone.
19:06 of 3rd period - Off-side.
19:07 of 3rd period - Jansen Harkins wins face-off versus Christian Dvorak in neutral zone.
19:16 of 3rd period - Shot by Zach Sanford.
19:16 of 3rd period - Shot Blocked by Connor Clifton.
19:24 of 3rd period - Shot by Jake Neighbours.
19:24 of 3rd period - Stopped by Semyon Varlamov without a rebound.
19:25 of 3rd period - Matty Beniers wins face-off versus Jonathan Drouin in Senators zone.
19:32 of 3rd period - Shot by Jonathan Drouin.
19:32 of 3rd period - Deflect By Jesper Fast.
19:32 of 3rd period - Shot Misses the Net.
19:38 of 3rd period - Jonathan Drouin is hit by Anthony Cirelli and loses puck.
19:44 of 3rd period - Icing by Mason McTavish.
19:45 of 3rd period - Christian Dvorak wins face-off versus Mason McTavish in Sabres zone.
Goals for this period are 0 for Senators vs 1 for Sabres.
Shots for this period are 9 for Senators vs 14 for Sabres.